 Dungeon Crawl Stone Soup version 0.14-a0-3154-g428849b (webtiles) character file.

159165 Beebo the Blocker (level 18, -22/127 HPs)
             Began as a Human Fighter on Mar 9, 2014.
             Was a High Priest of Okawaru.
             Killed from afar by Aizul (35 damage)
             ... with a bolt of poison
             ... on Level 4 of the Snake Pit.
             The game lasted 02:45:43 (32184 turns).

Beebo the Blocker (Human Fighter)                  Turns: 32184, Time: 02:45:43

HP -22/127       AC 29     Str 17      XL: 18   Next: 33%
MP  27/27        EV 10     Int 21      God: Okawaru [*****.]
Gold 1239        SH 49     Dex 17      Spells:  3 memorised, 10 levels left

rFire  + + .     SeeInvis +     b - +8,+9 scimitar "Kerium" {slice, *Rage rPois Int+4}
rCold  . . .     Rnd*Rage +     M - +6 chain mail "Cheba" {rF+}
rNeg   . . .     Conserve +     N - +0 large shield {reflect}
rPois  +         rCorr    +     n - +1 helmet {Int+3}
rElec  .         rRot     .     B - +2 cloak {rCorr, Cons}
SustAb . .       Spirit   .     x - +0 pair of gloves of Perochozur {SInv}
rMut   .         Warding  .     I - +1 pair of boots {run}
Saprov . . .     Stasis   .     K - amulet "Chymiuto" {rCorr Stlth+}
MR     +....                    F - ring of protection from fire
                                P - ring of poison resistance

@: lethally poisoned, heroism, quick, somewhat resistant to hostile
enchantments, very unstealthy
A: clever 1, low mp 1, regeneration 1
a: Heroism, Finesse, Renounce Religion


You were on level 4 of the Snake Pit.
You worshipped Okawaru.
Okawaru was extremely pleased with you.
You were full.

You visited 4 branches of the dungeon, and saw 29 of its levels.
You also visited: Ice Cave and Volcano.

You collected 1894 gold pieces.
You spent 655 gold pieces at shops.

Inventory:

Hand weapons
 a - a +3,+2 demon blade of electrocution
 b - the +8,+9 scimitar "Kerium" (weapon) {slice, *Rage rPois Int+4}
   (Okawaru gifted it to you on level 15 of the Dungeon)

   It inflicts extra damage upon your enemies.
   It affects your intelligence (+4).
   It protects you from poison.
   It may make you go berserk in combat.
 f - a +1,+0 cutlass of flaming
 g - a +0 blowgun
 C - a +2,+4 scimitar of venom
Missiles
 s - 8 curare-tipped needles
Armour
 n - a +1 helmet of intelligence (worn)
 x - the +0 pair of gloves of Perochozur (worn) {SInv}
   (Okawaru gifted it to you on level 8 of the Lair of Beasts)

   It enhances your eyesight.
 B - a +2 cloak of preservation (worn)
 I - a +1 pair of boots of running (worn)
 M - the +6 chain mail "Cheba" (worn) {rF+}
   (You found it on level 15 of the Dungeon)

   It protects you from fire.
 N - a +0 large shield of reflection (worn)
Magical devices
 c - a wand of polymorph (12)
 d - a wand of digging (13)
 j - a wand of fire (3)
 t - a wand of teleportation (8)
 y - a wand of cold (1)
 E - a wand of paralysis (4)
 Y - a wand of disintegration (16)
Comestibles
 q - 3 chunks of naga flesh
 v - 11 bread rations
Scrolls
 e - 2 scrolls of identify
 k - 3 scrolls of magic mapping
 l - a scroll of remove curse
 p - 8 scrolls of teleportation
 r - 3 scrolls of fear
 A - a scroll of noise
 G - 4 scrolls of fog
 O - 2 scrolls of immolation
 R - a scroll of recharging
Jewellery
 F - a ring of protection from fire (right hand)
 J - an uncursed ring of ice
 K - the amulet "Chymiuto" (around neck) {rCorr Stlth+}
   (You found it in an ice cave)

   [amulet of resist corrosion]

   It makes you much more stealthy.
 P - a ring of poison resistance (left hand)
 T - an uncursed ring of teleportation
 V - an uncursed amulet of warding
Potions
 h - 2 potions of flight
 m - 2 potions of restore abilities
 o - a potion of agility
 w - a potion of speed
 z - 7 potions of curing
 U - a potion of might
Miscellaneous
 i - a stone of tremors
 H - a lamp of fire


   Skills:
 - Level 7.1(12.1) Fighting
 - Level 8.1(13.1) Short Blades
 + Level 15.8(20.8) Long Blades
 - Level 5.2(10.2) Throwing
 - Level 8.9(13.9) Armour
 - Level 5.6(10.6) Dodging
 + Level 19.5(24.5) Shields
 - Level 9.5 Invocations
 - Level 4.1 Evocations


You had 10 spell levels left.
You knew the following spells:

 Your Spells              Type           Power        Failure   Level  Hunger
a - Blink                 Tloc           N/A          99%         2    ###....
b - Repel Missiles        Chrm/Air       #.....       99%         2    ###....
c - Conjure Flame         Conj/Fire      #.......     100%        3    ####...


Dungeon Overview and Level Annotations

Branches:
Dungeon (16/16)            Temple (1/1) D:7             Orc (0/4) D:10
   Lair (8/8) D:9          Shoals (0/5) Lair:5        Snake (4/5) Lair:3
  Slime (0/6) Lair:7       Vaults (0/5) D:15
 Depths: D:16

Altars:
Ashenzari
Cheibriados
Dithmenos
Elyvilon
Fedhas
Kikubaaqudgha
Makhleb
Nemelex Xobeh
Okawaru
Sif Muna
Trog
Vehumet
Xom
Yredelemnul
Zin
The Shining One
Beogh
Jiyva

Shops:
D:8 =   D:15 =*(

Annotations:
Snake:4 Aizul


Innate Abilities, Weirdness & Mutations

Your mind is acute. (Int +2)
Your magical capacity is low (-10% MP).
Your natural rate of healing is unusually fast.


Message History

You feel better. Aizul casts a spell at you. The bolt of poison hits you!
You are poisoned.
The shock serpent shoots out a bolt of electricity!
The bolt of electricity hits you!
* * * LOW HITPOINT WARNING * * *
Read which item? (? for menu, Esc to quit)
Okay, then.
Unknown command.
Drink which item? (? for menu, Esc to quit)
You feel better. You block the shock serpent's attack.
You block the shock serpent's attack.
Unknown command.
The shock serpent shoots out a bolt of electricity!
The bolt of electricity misses you.
Aizul coils himself and waves his upper body at you.
The bolt of poison hits you!
You are poisoned.
You die...

#.....###.........######...#
#.....=........)...........)
#.....###.#.......######..)#
####### #.#.......# #.).#
#####.#####.### #...#
#....S..# #.#### #...#
#.......# #.#.... #...#
#.%.....##.......#####.#
#....S.@............[...
#.......##...###........
#.......# ...# ####.####
#..$....# #.# #.# #########
#.# #.# #.# #.# #.# #.#
######## #.# ###.###
.......#####
####.#####.....#


You could see Aizul and a shock serpent.

Vanquished Creatures
  Saint Roka (Snake:4)
  Norris (Snake:2)
  Nikola (Snake:2)
  Asterion (Snake:4)
  Rupert (Snake:2)
  A greater naga (Snake:2)
  Snorg (Snake:1)
  The ghost of playerghost the Severer, a powerful HOGl of Beogh (D:11)
  Fannar (Lair:1)
  A ravenous feature mimic (Snake:2)
  2 ogre magi
  11 naga warriors
  3 anacondas
  2 hydras
  9 naga sharpshooters
  9 death yaks
  5 centaur warriors
  2 unseen horrors
  4 skeletal warriors (D:15)
  3 shock serpents (Snake:4)
  19 slime creatures
  5 hill giants
  3 naga ritualists
  Pikel (D:6)
  A deep elf conjurer (D:16)
  6 mana vipers
  3 griffons
  18 black mambas
  10 elephants
  4 cyclopes
  Maurice (D:8)
  A guardian serpent (Snake:4)
  10 salamanders
  12 naga magi
  14 spiny frogs
  A spriggan druid (Lair:8)
  A fire drake (Lair:8)
  A centaur skeleton (D:15)
  12 giant fireflies (Lair:8)
  A hydra zombie (D:13)
  A troll (D:15)
  A queen bee (D:8)
  8 two-headed ogres
  12 polar bears
  6 komodo dragons
  10 spriggans (Lair:8)
  12 blink frogs
  6 grizzly bears
  Prince Ribbit (D:8)
  A raven (shapeshifter) (D:15)
  A griffon zombie (D:15)
  7 wyverns
  A formicid (shapeshifter) (D:15)
  79 yaks
  A trapdoor spider (D:14)
  2 basilisks
  2 wraiths
  2 elephant slugs
  6 hippogriffs
  5 sharks
  6 ugly things (D:15)
  41 nagas
  2 gargoyles
  A hungry ghost (D:11)
  43 wolves
  A warg (Snake:4)
  Edmund (D:8)
  Menkaure (D:6)
  2 mottled dragons
  2 necrophages
  27 water moccasins
  7 sky beasts
  10 porcupines
  9 black bears
  8 giant goldfish
  An ice beast (D:7)
  7 orc warriors
  2 yellow wasps (Lair:8)
  2 phantoms
  2 manticore skeletons
  11 crocodiles
  11 ogres
  Sigmund (D:6)
  A brain worm (D:12)
  20 giant frogs
  16 centaurs
  9 giant slugs
  A yaktaur zombie (D:15)
  Blork the orc (D:5)
  A cyclops zombie (D:15)
  2 big kobolds (D:15)
  7 scorpions
  A hippogriff zombie (D:12)
  30 killer bees
  An eye of draining (D:12)
  10 wights
  A pulsating lump (shapeshifter) (D:15)
  10 crimson imps
  A wandering mushroom (D:9)
  5 goliath beetles
  3 big fish (Lair:6)
  3 jellies
  3 electric eels
  14 hounds
  A black bear skeleton (D:5)
  A giant frog zombie (D:9)
  A shapeshifter simulacrum (D:15)
  7 orc priests
  11 orc wizards
  2 giant frog skeletons
  13 worker ants
  8 iguanas
  30 sheep
  An ogre zombie (D:11)
  A hound skeleton (D:4)
  A mummy (D:8)
  30 adders
  22 green rats
  12 white imps (D:13)
  A giant mite (D:3)
  An inept feature mimic (D:2)
  7 worms
  An iguana skeleton (D:6)
  2 giant eyeballs
  10 giant geckos
  2 oozes
  47 orcs
  5 ball pythons
  A bat skeleton (D:5)
  4 giant cockroaches
  7 goblins
  13 hobgoblins
  26 kobolds
  15 quokkas
  24 bats
  4 giant newts
  2 giant spores
  2 hobgoblin skeletons
  A hobgoblin zombie (D:7)
  25 jackals
  2 orc zombies
  16 rats
  A rat skeleton (D:5)
  6 ballistomycetes (D:11)
  3 fungi
  3 plants
1058 creatures vanquished.

Vanquished Creatures (collateral kills)
  A naga sharpshooter (Snake:3)
  A naga (Snake:3)
2 creatures vanquished.

Vanquished Creatures (others)
  A frost giant (IceCv)
  A rakshasa (D:15)
  6 polar bears (IceCv)
  2 yaks (IceCv)
  A vampire (D:15)
  5 wolves (IceCv)
  A fire elemental (Snake:3)
  A sky beast (D:7)
  2 adders
  A bat (D:6)
  4 fungi
  3 plants
28 creatures vanquished.

Grand Total: 1088 creatures vanquished

Notes
Turn   | Place    | Note
--------------------------------------------------------------
     0 | D:1      | Beebo, the Human Fighter, began the quest for the Orb.
     0 | D:1      | Reached XP level 1. HP: 18/18 MP: 1/1
   112 | D:1      | Reached XP level 2. HP: 24/24 MP: 2/2
   357 | D:1      | Reached XP level 3. HP: 24/29 MP: 3/3
  1216 | D:2      | Reached XP level 4. HP: 30/35 MP: 4/4
  1582 | D:3      | Reached XP level 5. HP: 30/41 MP: 5/5
  2370 | D:3      | Reached skill level 4 in Shields
  2558 | D:4      | Found an iron altar of Okawaru.
  2578 | D:4      | Became a worshipper of Warmaster Okawaru
  2862 | D:4      | Reached XP level 6. HP: 44/47 MP: 6/6
  3094 | D:4      | Reached XP level 7. HP: 27/53 MP: 7/7
  3269 | D:4      | Acquired Okawaru's first power
  3494 | D:4      | Reached skill level 5 in Shields
  3537 | D:4      | Reached skill level 1 in Invocations
  3549 | D:4      | Paralysed by a giant eyeball for 2 turns
  3950 | D:5      | Entered Level 5 of the Dungeon
  3952 | D:5      | Noticed Blork the orc
  3989 | D:5      | HP: 2/54 [Blork the orc/magic dart (10)]
  3992 | D:5      | Killed Blork the orc
  3996 | D:5      | HP: 1/54 [poisoned by Blork the orc]
  4484 | D:5      | Reached skill level 5 in Long Blades
  4653 | D:5      | Reached XP level 8. HP: 38/61 MP: 10/10
  5020 | D:5      | Reached skill level 5 in Fighting
  5363 | D:6      | Noticed Sigmund
  5374 | D:6      | Killed Sigmund
  5422 | D:6      | Noticed Menkaure
  5426 | D:6      | Killed Menkaure
  5426 | D:6      | Reached skill level 6 in Long Blades
  5541 | D:6      | Paralysed by a giant eyeball for 4 turns
  5548 | D:6      | Paralysed by a giant eyeball for 2 turns
  5971 | D:6      | Reached skill level 7 in Long Blades
  5971 | D:6      | Reached XP level 9. HP: 62/71 MP: 11/11
  6070 | D:6      | Gained mutation: Your magical capacity is low (-10% MP). [potion of mutation]
  6070 | D:6      | Gained mutation: Your natural rate of healing is unusually fast. [potion of mutation]
  6070 | D:6      | Gained mutation: Your mind is acute. (Int +2) [potion of mutation]
  6257 | D:6      | Noticed Pikel
  6273 | D:6      | Killed Pikel
  6273 | D:6      | Reached skill level 8 in Long Blades
  6653 | D:7      | Found a staircase to the Ecumenical Temple.
  6662 | Temple   | Entered the Ecumenical Temple
  7066 | D:7      | Reached XP level 10. HP: 46/79 MP: 10/10
  7193 | D:7      | Reached skill level 9 in Long Blades
  7595 | D:8      | Found Ybloinoifi's Jewellery Shop.
  7601 | D:8      | Bought an uncursed amulet of inaccuracy for 26 gold pieces
  7601 | D:8      | Bought a cursed -2 ring of strength for 26 gold pieces
  7654 | D:8      | Noticed Edmund
  7687 | D:8      | Killed Edmund
  7813 | D:8      | Noticed Prince Ribbit
  7855 | D:8      | Killed Prince Ribbit
  8223 | D:8      | Reached skill level 10 in Long Blades
  8248 | D:8      | Noticed Maurice
  8279 | D:8      | Acquired Okawaru's second power
  8955 | D:8      | Reached XP level 11. HP: 35/84 MP: 11/11
  9084 | D:8      | Killed Maurice
  9118 | D:8      | Bought an uncursed ring of see invisible for 195 gold pieces
  9342 | D:9      | Reached skill level 11 in Long Blades
  9461 | D:9      | Found a staircase to the Lair.
  9625 | Lair:1   | Entered Level 1 of the Lair of Beasts
  9633 | Lair:1   | Reached skill level 10 in Shields
  9711 | Lair:1   | Received a gift from Okawaru
 10054 | D:10     | Entered Level 10 of the Dungeon
 10720 | D:10     | Found a staircase to the Orcish Mines.
 10725 | D:10     | Found a roughly hewn altar of Beogh.
 11220 | D:11     | Found a bloodstained altar of Trog.
 11247 | D:11     | Noticed a cyclops
 11253 | D:11     | Killed a cyclops
 11383 | D:11     | Noticed playerghost's ghost (powerful HOGl)
 11392 | D:11     | Killed playerghost's ghost
 11392 | D:11     | Reached skill level 5 in Invocations
 11628 | D:11     | Noticed a cyclops
 11646 | D:11     | Killed a cyclops
 11703 | D:11     | Reached XP level 12. HP: 86/91 MP: 18/18
 12550 | D:12     | Noticed a five-headed hydra
 12586 | D:13     | Received a gift from Okawaru
 12586 | D:13     | Reached skill level 12 in Shields
 12624 | D:13     | Noticed a centaur warrior
 12625 | D:13     | Noticed a centaur warrior
 12634 | D:13     | Killed a centaur warrior
 12641 | D:13     | Killed a centaur warrior
 12701 | D:13     | Found a glowing silver altar of Zin.
 12742 | D:13     | Found a frozen archway.
 12901 | IceCv    | Entered an ice cave
 12989 | IceCv    | Got a distressingly furry ring mail
 13003 | IceCv    | Identified the +3 ring mail of Blutz {rF+} (You found it in an ice cave)
 13042 | IceCv    | Received a gift from Okawaru
 13043 | IceCv    | Got a ripped robe {god gift}
 13069 | IceCv    | Identified the +1 robe of Charity {rN+} (Okawaru gifted it to you in an ice cave)
 13268 | IceCv    | Reached skill level 13 in Shields
 13330 | IceCv    | Reached XP level 13. HP: 96/96 MP: 23/23
 13653 | IceCv    | Noticed a frost giant
 13653 | IceCv    | Noticed a death yak
 13659 | IceCv    | Reached skill level 5 in Throwing
 13659 | IceCv    | Reached XP level 14. HP: 103/103 MP: 24/24
 13683 | IceCv    | Killed a death yak
 13684 | IceCv    | Killed a frost giant
 13779 | IceCv    | Got a smoking brass amulet
 13867 | D:13     | Learned a level 2 spell: Blink
 13870 | D:13     | Learned a level 2 spell: Repel Missiles
 13874 | D:13     | Learned a level 3 spell: Conjure Flame
 14035 | D:13     | Received a gift from Okawaru
 15143 | D:14     | Reached skill level 14 in Shields
 15190 | D:15     | Entered Level 15 of the Dungeon
 15270 | D:15     | Found Etaeddam's Antique Weapon Shoppe.
 15779 | D:15     | Got an obsidian-encrusted chain mail
 15831 | D:15     | Identified the cursed +6 chain mail "Cheba" {rF+} (You found it on level 15 of the Dungeon)
 16087 | D:15     | Found a gate to the Vaults.
 16112 | D:15     | Found Broimpi's Jewellery Boutique.
 16166 | D:15     | Found Luoceplo's Assorted Antiques.
 16172 | D:15     | Bought a pair of runed gloves for 148 gold pieces
 16369 | D:15     | Reached XP level 15. HP: 91/108 MP: 25/25
 16582 | D:15     | Identified the amulet "Chymiuto" {rCorr Stlth+} (You found it in an ice cave)
 16617 | D:15     | Reached skill level 15 in Shields
 16621 | D:15     | Received a gift from Okawaru
 16622 | D:15     | Got a steaming scimitar {god gift}
 16626 | D:15     | Identified the +8,+9 scimitar "Kerium" {slice, *Rage rPois Int+4} (Okawaru gifted it to you on level 15 of the Dungeon)
 16843 | D:16     | Entered Level 16 of the Dungeon
 16997 | D:16     | Reached skill level 1 in Dodging
 17446 | D:8      | Bought an uncursed ring of poison resistance for 260 gold pieces
 17612 | Lair:1   | Noticed Fannar
 17634 | Lair:1   | Killed Fannar
 17634 | Lair:1   | Reached skill level 1 in Evocations
 18647 | Lair:2   | Found an iron altar of Okawaru.
 19083 | Lair:3   | Received a gift from Okawaru
 19084 | Lair:3   | Got a slimy great sword {god gift}
 19286 | Lair:3   | Found a dark tunnel.
 19324 | Lair:3   | Identified the +0,+0 great sword of Accord {vamp, +Blink +Inv +Fly MR++ Dex-5} (Okawaru gifted it to you on level 3 of the Lair of Beasts)
 19339 | Volcano  | Entered a volcano
 19593 | Lair:3   | Found a staircase to the Snake Pit.
 19829 | Lair:1   | Received a gift from Okawaru
 19917 | Lair:3   | Reached skill level 1 in Short Blades
 20609 | Lair:4   | Reached skill level 5 in Short Blades
 21526 | Lair:5   | Got a bloodstained spear
 21527 | Lair:5   | Identified the +3,+2 spear "Boilem" {flame, *Rage rPois Stlth+} (You found it on level 5 of the Lair of Beasts)
 21585 | Lair:5   | Received a gift from Okawaru
 21718 | Lair:5   | Found a staircase to the Shoals.
 22363 | Lair:6   | Reached XP level 16. HP: 115/115 MP: 26/26
 22753 | Lair:6   | Reached skill level 5 in Dodging
 23639 | Lair:7   | Received a gift from Okawaru
 23792 | Lair:7   | Found a viscous altar of Jiyva.
 23792 | Lair:7   | Found a staircase to the Slime Pits.
 25215 | Lair:8   | Entered Level 8 of the Lair of Beasts
 25579 | Lair:8   | Reached skill level 15 in Long Blades
 25756 | Lair:8   | Reached skill level 16 in Shields
 25844 | Lair:8   | Received a gift from Okawaru
 25845 | Lair:8   | Got a pair of smoking gloves {god gift}
 25848 | Lair:8   | Identified the +0 pair of gloves of Perochozur {SInv} (Okawaru gifted it to you on level 8 of the Lair of Beasts)
 26786 | Snake:1  | Entered Level 1 of the Snake Pit
 27087 | Snake:1  | Noticed Snorg
 27102 | Snake:1  | Killed Snorg
 27418 | Snake:1  | Reached XP level 17. HP: 120/120 MP: 26/26
 27559 | Snake:2  | Noticed Nikola
 27793 | Snake:2  | Noticed Rupert
 27822 | Snake:2  | Killed Rupert
 28157 | Snake:2  | Killed Nikola
 28157 | Snake:2  | Reached skill level 17 in Shields
 28165 | Snake:2  | Identified a +2 cloak of preservation (You took it off Nikola on level 2 of the Snake Pit)
 28433 | Snake:2  | Noticed Norris
 28435 | Snake:2  | Paralysed by Norris for 7 turns
 28767 | Snake:2  | Killed Norris
 28927 | Snake:2  | Found Bluun's Assorted Antiques.
 28946 | Snake:2  | Bluun's Assorted Antiques was a mimic.
 29158 | Snake:2  | Reached skill level 18 in Shields
 29619 | Snake:3  | Received a gift from Okawaru
 29639 | Snake:3  | Identified a +1 pair of boots of running (Okawaru gifted it to you on level 3 of the Snake Pit)
 30900 | Snake:4  | Reached skill level 19 in Shields
 31094 | Snake:4  | Noticed Asterion
 31109 | Snake:4  | Noticed a spectral weapon
 31120 | Snake:4  | Killed Asterion
 31120 | Snake:4  | Reached XP level 18. HP: 127/127 MP: 27/27
 31323 | Snake:4  | Noticed Saint Roka
 31509 | Snake:4  | Killed Saint Roka
 31509 | Snake:4  | Received a gift from Okawaru
 32167 | Snake:4  | Noticed Aizul
 32182 | Snake:4  | HP: 2/127 [shock serpent/bolt of electricity (16)]
 32184 | Snake:4  | Killed from afar by Aizul

Action                   |  1- 3 |  4- 6 |  7- 9 | 10-12 | 13-15 | 16-18 || total
-------------------------+-------+-------+-------+-------+-------+-------++-------
Melee: Long sword        |   116 |   179 |   506 |   500 |       |       ||  1301
       Falchion          |       |       |     7 |     5 |       |       ||    12
       Scimitar          |       |       |       |   559 |  1001 |    22 ||  1582
       Demon blade       |       |       |       |       |   340 |  1745 ||  2085
       Cutlass           |       |       |       |       |     7 |       ||     7
 Fire: Blowgun           |       |       |       |    96 |    23 |       ||   119
Throw: Javelin           |       |    16 |    12 |    10 |       |     4 ||    42
       Dart              |       |    11 |    23 |     3 |       |       ||    37
       Throwing net      |       |       |     4 |     3 |     5 |       ||    12
       Tomahawk          |       |       |     9 |    11 |       |       ||    20
Invok: Heroism           |       |       |     3 |    10 |    10 |    16 ||    39
       Finesse           |       |       |       |     1 |     4 |     3 ||     8
Evoke: Wand              |       |       |     3 |    21 |     4 |    13 ||    41
       Lamp of fire      |       |       |       |       |       |     1 ||     1
       Stone of tremors  |       |       |       |       |       |     1 ||     1
  Use: Potion            |     3 |     2 |     4 |     5 |    10 |    17 ||    41
       Scroll            |     1 |     6 |     9 |     7 |    11 |    11 ||    45
 Stab: Held in net/web   |       |       |     4 |       |     7 |       ||    11
       Sleeping          |       |       |       |       |     2 |       ||     2
       Distracted        |       |       |       |       |       |     1 ||     1
